 Dungeon Crawl Stone Soup version 0.23-a0-106-g63f3d0bd30 (webtiles) character file.

27 Nilun the Chopper (level 2, -1/24 HPs)
             Began as a Demonspawn Monk on Aug 20, 2018.
             Slain by an adder (3 damage)
             ... on level 2 of the Dungeon.
             The game lasted 00:01:41 (951 turns).

Nilun the Chopper (Demonspawn Monk)                  Turns: 951, Time: 00:01:43

Health: -1/24      AC:  2    Str: 11    XL:     2   Next: 93%
Magic:  2/2        EV: 13    Int: 11    God:
Gold:   47         SH:  0    Dex: 15    Spells: 1/1 levels left

rFire    . . .     SeeInvis .   a - +0 hand axe
rCold    . . .     Gourm    .   (no shield)
rNeg     . . .     Faith    .   b - +0 robe
rPois    .         Spirit   .   (no helmet)
rElec    .         Reflect  .   (no cloak)
rCorr    .         Harm     .   (no gloves)
MR       .....                  (no boots)
Stlth    ++........             (no amulet)
HPRegen  0.08/turn              (no ring)
MPRegen  0.08/turn              (no ring)

@: lethally poisoned (-1 -> -8)
A: hooves 1
a: no special abilities


You were on level 2 of the Dungeon.
You were not hungry.

You visited 1 branch of the dungeon, and saw 2 of its levels.

You collected 47 gold pieces.

Inventory:

Hand Weapons
 a - a +0 hand axe (weapon)
Armour
 b - a +0 robe (worn)
Scrolls
 d - a scroll of enchant weapon {unknown}
 e - a scroll of blinking {unknown}
 g - a scroll of noise {unknown}
Potions
 h - a potion of curing {unknown}
Comestibles
 c - 4 rations
 f - a chunk of flesh


   Skills:
 + Level 3.3 Fighting
 + Level 3.3 Axes
 + Level 2.9 Dodging
 + Level 1.8 Stealth


You had one spell level left.
You didn't know any spells.
Your spell library was empty.

Dungeon Overview and Level Annotations

Branches:
Dungeon (2/15)

Altars:
Fedhas

Annotations:
D:2 exclusion: oklob plant


Innate Abilities, Weirdness & Mutations

You have large cloven feet.


Message History

The adder bites you.
You are poisoned.
The adder poisons you!
You barely miss the adder. Your kick misses the adder.
You feel sick. The adder closely misses you.
You hit the adder but do no damage. You kick the adder, but do no damage.
The adder barely misses you. The adder bites you.
You are more poisoned.
The adder poisons you!
You hit the adder. You kick the adder.
The adder is heavily wounded.
You feel sick. The adder bites you.
* * * LOW HITPOINT WARNING * * *
You closely miss the adder. You kick the adder.
The adder is almost dead.
* * * LOW HITPOINT WARNING * * *
You feel sick. The adder bites you.
* * * LOW HITPOINT WARNING * * *
The adder bites you.
You die...

.. .####.###
........#
........#
........#
.....%..#
#...S###########
#..K)@.........#
#...)#########.#
##.### #.# #.
#.# # #.# #.#
#.# #######.#
#.....#.#


You could see an adder and a kobold.

Vanquished Creatures
  2 dart slugs
  2 leopard geckos (D:1)
  3 goblins
  2 jackals (D:1)
  A quokka (D:2)
  A ball python (D:1)
  2 bats (D:1)
  2 frilled lizards (D:1)
  5 kobolds
  A rat (D:1)
21 creatures vanquished.

Vanquished Creatures (others)
  13 toadstools (D:2)
13 creatures vanquished.

Grand Total: 34 creatures vanquished

Notes
Turn   | Place    | Note
-------+----------+-------------------------------------------
     0 | D:1      | Nilun the Demonspawn Monk began the quest for the Orb.
     0 | D:1      | Reached XP level 1. HP: 18/18 MP: 1/1
   151 | D:1      | Gained mutation: You have large cloven feet. [demonic ancestry]
   151 | D:1      | Reached XP level 2. HP: 20/24 MP: 2/2
   654 | D:2      | Found a blossoming altar of Fedhas.
   689 | D:2      | Noticed an oklob plant
   951 | D:2      | Slain by an adder

Vault maps used:
D:1:      evilmike_arrival_hilbert_curve
D:2:      nicolae_overflow_crystal_walls, chequers_ecumenical_altar_twisty,
          first_ration, tgw_fedhas, uniq_natasha

Skill      XL: |  1  2 |
---------------+-------+-----
Axes           | 3 |  3.3
Fighting       | |  3.3
Dodging        | |  2.9
Stealth        | |  1.8

Action                   || total
-------------------------++-------
Melee: Hand axe          ||    57
       Kick              ||    12
 Stab: Sleeping          ||     2
Armor: Robe              ||     7
Dodge: Dodged            ||    45

Table legend:
 A = Non-vault XP
 B = Vault XP
 C = Vault XP percentage of total XP
 D = Non-vault monster count
 E = Vault monster count
 F = Vault count percentage of total count
                 A         B        C        D         E       F
            +---------+---------+-------+---------+---------+-------
      Total |      39 |       0 |   0.0 |      21 |       0 |   0.0
            +---------+---------+-------+---------+---------+-------
        D:1 |      26 |       0 |   0.0 |      15 |       0 |   0.0
        D:2 |      13 |       0 |   0.0 |       6 |       0 |   0.0
            +---------+---------+-------+---------+---------+-------
